 Dungeon Crawl Stone Soup version 0.23-a0-208-gb6b040f31c (webtiles) character file.

98 Ablot the Charmwright (level 4, 0/38 HPs)
             Began as a Gnoll Skald on Sept 24, 2018.
             Slain by a phantom (8 damage)
             ... on level 4 of the Dungeon.
             The game lasted 00:04:36 (3830 turns).

Ablot the Charmwright (Gnoll Skald)                 Turns: 3830, Time: 00:04:37

Health: 0/38       AC:  4    Str: 14    XL:     4   Next: 69%
Magic:  2/11       EV: 14    Int: 16    God:
Gold:   99         SH:  0    Dex: 17    Spells: 2/13 levels left

rFire    . . .     SeeInvis .   a - +0 spear
rCold    + . .     Gourm    .   (no shield)
rNeg     . . .     Faith    .   b - +0 leather armour
rPois    .         Spirit   .   (no helmet)
rElec    .         Reflect  .   (no cloak)
rCorr    .         Harm     .   (no gloves)
MR       .....                  t - +0 pair of boots
Stlth    ++........             (no amulet)
HPRegen  0.12/turn              c - +3 ring of dexterity
MPRegen  0.12/turn              r - ring of protection from cold

@: lethally poisoned (0 -> -16), very slightly contaminated
A: distributed training, fangs 1, strong nose
a: no special abilities


You were on level 4 of the Dungeon.
You were hungry.

You visited 1 branch of the dungeon, and saw 4 of its levels.

You collected 99 gold pieces.

Inventory:

Hand Weapons
 a - a +0 spear (weapon)
 q - a +0 hunting sling
Missiles
 e - 131 stones (quivered)
 k - 76 arrows
 m - 49 bolts
 p - 8 poisoned needles
 v - 9 sling bullets
Armour
 b - a +0 leather armour (worn)
 t - a +0 pair of boots (worn)
Jewellery
 c - a +3 ring of dexterity (left hand)
 r - a ring of protection from cold (right hand)
Scrolls
 f - 2 scrolls of blinking {unknown}
 h - 3 scrolls of magic mapping {unknown}
 i - 2 scrolls of remove curse {unknown}
 j - 4 scrolls of identify {unknown}
 n - 2 scrolls of fear {unknown}
 u - a scroll of enchant armour {unknown}
Potions
 g - a potion of cancellation {unknown}
 l - 2 potions of ambrosia {unknown}
 o - a potion of curing {unknown}
Comestibles
 d - 5 rations


   Skills:
 + Level 4.6 Fighting
 + Level 1.2 Short Blades
 + Level 1.2 Long Blades
 + Level 1.2 Axes
 + Level 1.2 Maces & Flails
 + Level 4.6 Polearms
 + Level 1.2 Staves
 + Level 1.2 Slings
 + Level 1.2 Bows
 + Level 1.2 Crossbows
 + Level 1.2 Throwing
 + Level 2.8 Armour
 + Level 4.6 Dodging
 + Level 1.2 Stealth
 + Level 1.2 Shields
 + Level 1.2 Unarmed Combat
 + Level 5.1 Spellcasting
 + Level 1.0 Conjurations
 + Level 1.0 Hexes
 + Level 5.5 Charms
 + Level 1.0 Summonings
 + Level 1.0 Necromancy
 + Level 1.0 Translocations
 + Level 1.0 Transmutations
 + Level 1.0 Fire Magic
 + Level 1.0 Ice Magic
 + Level 1.0 Air Magic
 + Level 1.0 Earth Magic
 + Level 1.0 Poison Magic
 + Level 1.3 Invocations
 + Level 1.2 Evocations


You had 2 spell levels left.
You knew the following spells:

 Your Spells              Type           Power        Failure   Level  Hunger
a - Infusion              Chrm           ###.         1%          1    None
b - Song of Slaying       Chrm           ###.....     3%          2    #......
c - Shroud of Golubria    Chrm/Tloc      ##........   8%          2    #......
d - Regeneration          Chrm/Necr      ##........   14%         3    ###....
e - Spectral Weapon       Hex/Chrm       ##......     14%         3    ###....

Your spell library contained the following spells:

 Spells                   Type           Power        Failure   Level  Hunger


Dungeon Overview and Level Annotations

Branches:
Dungeon (4/15)
 Temple: D:4-7

Altars:


Innate Abilities, Weirdness & Mutations

Your experience applies equally to all skills.
You have very sharp teeth.
Your uncanny sense of smell can sniff out nearby items.


Message History

You feel sick. The scorpion stings you.
Casting: Regeneration (safe; 14% risk of failure)
Confirm with . or Enter, or press ? or * to list all spells.
You don't have enough magic to cast that spell.
You feel sick. The scorpion closely misses you.
Your skin stops crawling.
You feel sick.
The phantom blinks!
The scorpion stings you.
You are lethally poisoned!
The scorpion poisons you!
There is a lethal amount of poison in your body!
You barely miss the phantom.
The phantom is almost destroyed.
You feel sick. The phantom hits you.
* * * LOW HITPOINT WARNING * * *
The scorpion barely misses you.
You closely miss the phantom.
The phantom is almost destroyed.
* * * LOW HITPOINT WARNING * * *
You feel sick. The phantom hits you!
You die...

#.# #.#
...#.####.######.
#.....<.(......##.
#...####(####...).
#. ##......##.....
##...(....#.....
#.......W.......
#....((.@.......
#.......s..####.
#......<ยง..#
#..........#
.....$....##
##........#
#.......(..
#..........#
#...........


You could see a phantom and a scorpion.

Vanquished Creatures
  A gnoll (D:1)
  3 adders (D:2)
  4 worms
  A dart slug (D:2)
  A leopard gecko (D:3)
  7 bats
  2 giant cockroaches (D:1)
  5 goblins
  5 hobgoblins
  9 kobolds
  A quokka (D:2)
  3 frilled lizards
  7 rats
49 creatures vanquished.

Notes
Turn   | Place    | Note
-------+----------+-------------------------------------------
     0 | D:1      | Ablot the Gnoll Skald began the quest for the Orb.
     0 | D:1      | Reached XP level 1. HP: 20/20 MP: 6/6
   665 | D:1      | Reached XP level 2. HP: 13/26 MP: 3/7
   702 | D:1      | Learned a level 2 spell: Song of Slaying
   705 | D:1      | Learned a level 2 spell: Shroud of Golubria
  1118 | D:1      | Reached XP level 3. HP: 24/31 MP: 3/9
  1123 | D:1      | Learned a level 3 spell: Regeneration
  1127 | D:1      | Learned a level 3 spell: Spectral Weapon
  1199 | D:1      | Reached skill level 5 in Spellcasting
  1909 | D:2      | Reached skill level 1 in Invocations
  2284 | D:2      | Reached skill level 1 in Short Blades
  2284 | D:2      | Reached skill level 1 in Long Blades
  2284 | D:2      | Reached skill level 1 in Axes
  2284 | D:2      | Reached skill level 1 in Maces & Flails
  2284 | D:2      | Reached skill level 1 in Staves
  2284 | D:2      | Reached skill level 1 in Slings
  2284 | D:2      | Reached skill level 1 in Bows
  2284 | D:2      | Reached skill level 1 in Crossbows
  2284 | D:2      | Reached skill level 1 in Throwing
  2284 | D:2      | Reached skill level 1 in Stealth
  2284 | D:2      | Reached skill level 1 in Shields
  2284 | D:2      | Reached skill level 1 in Unarmed Combat
  2284 | D:2      | Reached skill level 1 in Evocations
  2374 | D:2      | Reached XP level 4. HP: 38/38 MP: 11/11
  3371 | D:3      | Reached skill level 1 in Conjurations
  3371 | D:3      | Reached skill level 1 in Hexes
  3371 | D:3      | Reached skill level 1 in Summonings
  3371 | D:3      | Reached skill level 1 in Necromancy
  3371 | D:3      | Reached skill level 1 in Translocations
  3371 | D:3      | Reached skill level 1 in Transmutations
  3371 | D:3      | Reached skill level 1 in Fire Magic
  3371 | D:3      | Reached skill level 1 in Ice Magic
  3371 | D:3      | Reached skill level 1 in Air Magic
  3371 | D:3      | Reached skill level 1 in Earth Magic
  3371 | D:3      | Reached skill level 1 in Poison Magic
  3780 | D:4      | Noticed a phantom
  3830 | D:4      | Slain by a phantom

Vault maps used:
D:1:      dpeg_arrival_solitude, serial_co_window_serial, co_window_corner_a,
          co_window_paths_b, co_window_paths_b, co_window_paths_a,
          co_window_corner_a, co_window_of_opportunity_a,
          co_window_of_opportunity_a, co_window_of_opportunity_c,
          co_window_broadway_b, co_window_corner_cb, co_window_corner_ca,
          co_window_corner_ca, co_window_paths_d, glass_columns_a,
          glass_columns_a, glass_columns_b
D:4:      uniq_edmund

Skill      XL: |  1  2  3  4 |
---------------+-------------+-----
Spellcasting   | 5 |  5.1
Invocations    | 1 |  1.3
Short Blades   | 1 |  1.2
Long Blades    | 1 |  1.2
Axes           | 1 |  1.2
Maces & Flails | 1 |  1.2
Staves         | 1 |  1.2
Slings         | 1 |  1.2
Bows           | 1 |  1.2
Crossbows      | 1 |  1.2
Throwing       | 1 |  1.2
Stealth        | 1 |  1.2
Shields        | 1 |  1.2
Unarmed Combat | 1 |  1.2
Evocations     | 1 |  1.2
Conjurations   | 1 |  1.0
Hexes          | 1 |  1.0
Summonings     | 1 |  1.0
Necromancy     | 1 |  1.0
Translocations | 1 |  1.0
Transmutations | 1 |  1.0
Fire Magic     | 1 |  1.0
Ice Magic      | 1 |  1.0
Air Magic      | 1 |  1.0
Earth Magic    | 1 |  1.0
Poison Magic   | 1 |  1.0
Fighting       | |  4.6
Polearms       | |  4.6
Armour         | |  2.8
Dodging        | |  4.6
Charms         | |  5.5

Action                   |  1- 3 |  4- 6 || total
-------------------------+-------+-------++-------
Melee: Spear             |   122 |    55 ||   177
       Bite              |     4 |     8 ||    12
 Fire: Hunting sling     |    15 |    56 ||    71
 Cast: Infusion          |     2 |       ||     2
       Regeneration      |     2 |     2 ||     4
       Shroud of Golubri |       |     3 ||     3
       Spectral Weapon   |       |     2 ||     2
 Stab: Sleeping          |     2 |       ||     2
       Distracted        |       |     1 ||     1
  Eat: Chunk             |     5 |     4 ||     9
Armor: Leather armour    |    22 |     5 ||    27
Dodge: Dodged            |    85 |    43 ||   128

Table legend:
 A = Non-vault XP
 B = Vault XP
 C = Vault XP percentage of total XP
 D = Non-vault monster count
 E = Vault monster count
 F = Vault count percentage of total count
                 A         B        C        D         E       F
            +---------+---------+-------+---------+---------+-------
      Total |     140 |       0 |   0.0 |      49 |       0 |   0.0
            +---------+---------+-------+---------+---------+-------
        D:1 |      42 |       0 |   0.0 |      19 |       0 |   0.0
        D:2 |      76 |       0 |   0.0 |      22 |       0 |   0.0
        D:3 |      22 |       0 |   0.0 |       8 |       0 |   0.0
            +---------+---------+-------+---------+---------+-------
